 Dungeon Crawl Stone Soup version 0.29.1-15-g9cfb28693d (webtiles) character file.

Game seed: 12443795830683935644

0 BabyfaceFinlayson the Magician (level 1, 0/15 HPs)
             Began as a Djinni Fire Elementalist on Feb 26, 2023.
             Slain by a kobold
             ... wielding a +0 whip
              (3 damage)
             ... on level 1 of the Dungeon.
             The game lasted 00:00:38 (89 turns).

BabyfaceFinlayson the Magician (DjFE)                 Turns: 89, Time: 00:00:38

Health: 0/15       AC:  2    Str:  7    XL:     1   Next: 11%
Gold:   27         EV: 12    Int: 16    God:
                   SH:  0    Dex: 13

rFire   + + .      SeeInvis .   (no weapon)
rCold   x . .      Faith    .   (no shield)
rNeg    . . .      Spirit   .   a - +0 robe
rPois   ∞          Reflect  .   (no helmet)
rElec   .          Harm     .   (no cloak)
rCorr   .          Rampage  .   (no gloves)
Will    .....                   (boots unavailable)
Stlth   ++........              (no amulet)
HPRegen 0.05/turn               (no ring)
MPRegen 0.00/turn               (no ring)

@: flying
A: sickness immunity, fire resistance 2, cold vulnerability 1, float, innate
caster, HP casting, extra vitality 1
a: no special abilities


You were on level 1 of the Dungeon.
You visited 1 branch of the dungeon, and saw 1 of its levels.

You collected 27 gold pieces.

Inventory:

Armour
 a - a +0 robe (worn)
Scrolls
 b - a scroll of identify {unknown}


   Skills:
 + Level 2.2 Dodging
 + Level 1.5 Stealth
 + Level 2.4 Spellcasting


You couldn't memorise any spells.
You knew the following spells:

 Your Spells              Type           Power      Damage    Failure   Level
a - Foxfire               Conj/Fire      36%        2x1d5     8%          1
b - Scorch                Fire           18%        2d6       11%         2
c - Conjure Flame         Conj/Fire      9%         6-21      22%         3
d - Inner Flame           Hex/Fire       9%         N/A       22%         3
e - Flame Wave            Conj/Fire      9%         2d6       58%         4
Your spell library was empty.

Dungeon Overview and Level Annotations

Branches:
Dungeon (1/15)

Altars:


Innate Abilities, Weirdness & Mutations

You are immune to sickness and miasma.
You are immune to poison.
Your flesh is very heat resistant. (rF++)
You are vulnerable to cold. (rC-)
You float through the air rather than walking.
You learn spells naturally, not from books.
Your magical power is your life essence.
You have superior vitality. (+4 MHP)


Message History

The foxfire hits the hobgoblin.
The hobgoblin is lightly wounded.
Casting: Foxfire (safe; 8% risk of failure)
Confirm with . or Enter, or press ? or * to list all spells.
You conjure some foxfire!
The foxfire hits the hobgoblin but does no damage.
The foxfire hits the rat.
You kill the rat!
A kobold comes into view. It is wielding a +0 whip.
Casting: Foxfire (safe; 8% risk of failure)
Confirm with . or Enter, or press ? or * to list all spells.
You conjure some foxfire!
The foxfire hits the hobgoblin.
The hobgoblin is heavily wounded.
The foxfire hits the hobgoblin.
The hobgoblin is severely wounded.
Casting: Foxfire (safe; 8% risk of failure)
Confirm with . or Enter, or press ? or * to list all spells.
You conjure some foxfire!
The hobgoblin closely misses you. The hobgoblin attacks as you move away!
The hobgoblin hits you. The hobgoblin attacks as you move away!
The hobgoblin closely misses you.
The foxfire hits the hobgoblin but does no damage.
The hobgoblin is severely wounded.
The foxfire hits the hobgoblin.
The hobgoblin is severely wounded.
The hobgoblin attacks as you move away!
The hobgoblin hits you but does no damage.
The hobgoblin attacks as you move away! The hobgoblin hits you.
The hobgoblin attacks as you move away! The hobgoblin hits you.
The hobgoblin attacks as you move away! The hobgoblin hits you.
You closely miss the hobgoblin.
The hobgoblin is severely wounded.
You closely miss the kobold. The hobgoblin closely misses you.
The kobold hits you with a +0 whip.
* * * LOW HITPOINT WARNING * * *
You hit the kobold.
The kobold is severely wounded.
The hobgoblin hits you but does no damage.
The kobold hits you with a +0 whip.
You die...

##..##....# ### ##.#..#..#
####..# ##..##..# ###.....# .
####..#.# ##.......#+##.
##..#### +#.............
##.....## #..............
#.......## ##..............
#...###...######...............
#..# ##....#.@Kg..............
#... #..#...g#...............
#.... #...###'###.........##...
...# ....###.## #.........##!..
.....###.. ##........##...
##..# #..# ##.......##... #.#.
#.# ###.....##... #... P.
####..##... ## #####...


You could see 2 hobgoblins and a kobold.

Vanquished Creatures
  A rat (D:1)
1 creature vanquished.

Vanquished Creatures (others)
  7 foxfires (D:1)
7 creatures vanquished.

Grand Total: 8 creatures vanquished

Notes
Turn   | Place    | Note
-------+----------+-------------------------------------------
     0 | D:1      | BabyfaceFinlayson the Djinni Fire Elementalist began the
                  | quest for the Orb.
     0 | D:1      | BabyfaceFinlayson set off with the following spells
                  | memorised: Foxfire, Scorch, Conjure Flame, Inner Flame,
                  | Flame Wave.
     0 | D:1      | Reached XP level 1. HP: 15/15 MP: 0/0
    89 | D:1      | Slain by a kobold

Illustrated notes

Levels and vault maps discovered:
D:1:      dpeg_cavernosity, layout_basic, serial_forest,
          infiniplex_forest_end_2, infiniplex_forest_end_2,
          infiniplex_forest_lined_corner, infiniplex_forest_straight_2,
          infiniplex_forest_fountain, infiniplex_forest_end_2,
          hangedman_abyss_or_decor_lesser_grid, fountainhead

Action                   || total
-------------------------++-------
Melee: Unarmed           ||     3
 Cast: Foxfire           ||     4
Armor: Robe              ||     2
Dodge: Dodged            ||     3
